 Dungeon Crawl Stone Soup version 0.27.1-4-g1640c2035a (webtiles) character file.

Game seed: 7677314873668867008

98786 bearlyready the Unseen (level 16, -5/104 HPs)
             Began as a Kobold Berserker on Nov 17, 2021.
             Was the Champion of Trog.
             Slain by a reaper (27 damage)
             ... in an ice cave.
             The game lasted 00:56:21 (28743 turns).

bearlyready the Unseen (Kobold Berserker)          Turns: 28743, Time: 00:56:21

Health: -5/104     AC: 11    Str: 15    XL:     16   Next: 74%
Magic:  16/16      EV: 32    Int:  8    God:    Trog [******]
Gold:   3378       SH:  8    Dex: 23    Spells: 15/15 levels left

rFire    + + .     SeeInvis .   v - +9 quick blade (vamp)
rCold    + . .     Faith    .   x - +0 buckler
rNeg     . . .     Spirit   .   q - +2 robe {rC+ rF+}
rPois    .         Reflect  .   f - +1 helmet
rElec    .         Harm     .   s - scarf {shadows}
rCorr    .         Rampage  .   A - +2 pair of gloves
Will     +....                  g - +0 pair of boots
Stlth    +++++++++.             (no amulet)
HPRegen  0.27/turn              P - +4 ring of evasion
MPRegen  0.15/turn              R - +4 ring of slaying

@: on berserk cooldown, slowed, studying Short Blades, very slow
A: small, no large weapons, nightstalker 3, agile 1, fire resistance 1
a: Renounce Religion, Berserk, Trog's Hand, Brothers in Arms


You were in an ice cave.
You worshipped Trog.
Trog was exalted by your worship.
You visited 3 branches of the dungeon, and saw 22 of its levels.
You also visited: Bailey, Ice Cave and Volcano.

You collected 3378 gold pieces.

Inventory:

Hand Weapons
 c - a +0 dagger of electrocution
 v - a +9 vampiric quick blade (weapon)
 X - the +9 rapier of Compuqa {vorpal, rC+}
   (Trog gifted it to you on level 10 of the Dungeon)

   It inflicts extra damage upon your enemies.
   rC:        It protects you from cold.
Missiles
 y - 4 boomerangs of dispersal
 D - 66 boomerangs
 L - 4 atropa-tipped darts (quivered)
 T - 5 curare-tipped darts
 U - 15 poisoned darts
Armour
 f - a +1 helmet (worn)
 g - a +0 pair of boots (worn)
 h - a +0 kite shield of poison resistance
 q - a +2 robe of resistance (worn)
 s - a scarf of shadows (worn)
 x - a +0 buckler (worn)
 A - a +2 pair of gloves (worn)
 V - a +0 kite shield of protection
Jewellery
 n - a ring of poison resistance
 I - a ring of see invisible
 P - a +4 ring of evasion (left hand)
 R - a +4 ring of slaying (right hand)
Wands
 a - a wand of polymorph (13)
 b - a wand of mindburst (47)
 k - a wand of iceblast (11)
 l - a wand of charming (17)
 z - a wand of digging (2)
 H - a wand of flame (6)
 M - a wand of paralysis (8)
Scrolls
 e - a scroll of immolation
 i - a scroll of holy word
 j - 7 scrolls of teleportation
 m - a scroll of vulnerability
 o - a scroll of silence
 G - 4 scrolls of fog
 J - 3 scrolls of fear
 O - 2 scrolls of blinking
 Q - 3 scrolls of enchant armour
 Z - a scroll of identify
Potions
 d - 6 potions of mutation
 p - 7 potions of heal wounds
 r - 3 potions of might
 t - 9 potions of curing
 u - 2 potions of flight
 B - 4 potions of lignification
 E - 2 potions of haste
 F - 2 potions of invisibility
 K - a potion of resistance
 N - a potion of cancellation
 S - 3 potions of attraction
 W - 2 potions of berserk rage
 Y - 3 potions of ambrosia
Miscellaneous
 w - a phantom mirror (inert)
 C - a condenser vane


   Skills:
 - Level 13.0 Fighting
 - Level 17.0 Short Blades
 - Level 5.0 Maces & Flails
 - Level 5.0 Throwing
 - Level 5.0 Armour
 + Level 14.5 Dodging
 + Level 19.8 Stealth
 + Level 8.7 Shields
 + Level 11.9 Evocations


You had 15 spell levels left.
You didn't know any spells.
Your spell library contained the following spells:

 Spells                   Type           Power      Damage    Failure   Level
 Sticky Flame             Conj/Fire      0%         2d3       99%         4
 Bolt of Magma            Conj/Fire/Erth 0%         4d4       100%        5
 Starburst                Conj/Fire      0%         6d3       100%        6


Dungeon Overview and Level Annotations

Branches:
Dungeon (15/15)            Temple (0/1) D:4            Lair (6/6) D:8
  Swamp (0/4) Lair:4       Spider (0/4) Lair:4        Slime (0/5) Lair:5
    Orc (1/2) D:9          Vaults (0/5) D:14         Depths (0/5) D:15
 Bailey (visited)           IceCv (1/1)             Volcano (visited)

Altars:
Xom
Beogh
Jiyva

Shops:
D:2 (   D:12 ?

Portals:
Abyss: D:3
Trove: D:14 (show abyssal rune of Zot)

Annotations:
Lair:2 exclusion: 2 oklob plants


Innate Abilities, Weirdness & Mutations

You are small and have problems with some larger weapons.
You are completely attuned to the shadows.
You are agile. (Dex +2)
Your flesh is heat resistant. (rF+)


Message History

A red film seems to cover your vision as you go berserk!
You feel yourself moving faster!
You feel mighty!
The reaper hits you from afar with a +1 scythe of freezing!
The reaper freezes you. The ice devil hits you. The ice devil freezes you!
You resist.
You block the two-headed ogre simulacrum's attack.
The two-headed ogre simulacrum misses you.
You puncture the ice devil!
You kill the ice devil!
Trog accepts your kill.
You impale the two-headed ogre simulacrum!!
The two-headed ogre simulacrum is almost destroyed.
You are engulfed in freezing vapours.
You resist.
You puncture the two-headed ogre simulacrum!
The two-headed ogre simulacrum vaporises!
Trog accepts your kill.
You are engulfed in freezing vapours.
You resist.
The reaper hits you from afar with a +1 scythe of freezing!!
The reaper freezes you.
* * * LOW HITPOINT WARNING * * *
You are engulfed in freezing vapours.
You resist.
* * * LOW HITPOINT WARNING * * *
You hit the reaper but do no damage.
You are engulfed in freezing vapours.
You resist.
* * * LOW HITPOINT WARNING * * *
The reaper barely misses you.
You are engulfed in freezing vapours.
You resist.
* * * LOW HITPOINT WARNING * * *
You feel a strong urge to attack something.
You are engulfed in freezing vapours.
You resist.
You are no longer berserk.
You are exhausted.
You feel yourself slow down.
Aiming: Phantom Mirror
Press: ? - help, Dir - move target, f - reaper
Aim: a reaper, wielding a +1 scythe of freezing, wearing a +1 robe of cold resistance and wearing a ring of protection from cold You reflect the reaper with the mirror!
The mirror clouds!
Your reaper hits the reaper but does no damage.
The reaper hits you from afar with a +1 scythe of freezing!!
You die...

##..☼§..# ##....#
#...☼§§.## ##..#..#
#..§§#☼..# #...###.
###..§§.#.###..####.
#..#.#§..○○#..##).#.
#..#.##...§..##[..##
##°°#..###....##....#
##°§......#...###....#
#§.2°@....#...# ##....
#§2####...#...# ##.#.#
§☼§§§☼§........# #..###
§#☼○§§○.....#..###...##
#§##☼#.#..##..#≈#.....
## .§#.##.#...≈≈...#..
##..#....#≈≈#..#..
#...##..##≈##..###
#.......# #..##


You could see a reaper (ally target) and a friendly reaper (summoned, drained).

Vanquished Creatures
  Gastronok (Lair:3)
  Frances (D:13)
  An orc warlord (Bailey)
  An ironbound preserver (D:14)
  Azrael (D:14)
  An ettin (D:15)
  Snorg (D:14)
  A fire dragon (Volcano)
  A yaktaur captain (D:15)
  Josephine (Lair:6)
  Erolcha (D:12)
  An ogre mage (D:12)
  7 hydras
  5 centaur warriors
  3 boulder beetles
  A catoblepas (Lair:6)
  11 two-headed ogres
  6 death yaks
  4 tengu warriors
  A deep troll shaman (Lair:6)
  Urug (D:11)
  Sonja (D:13)
  The ghost of pentaflop the Cleaver, a novice DsBe of Trog (D:8)
  2 deep trolls (D:15)
  2 wizards
  Pikel (D:4)
  4 deep elf pyromancers
  An orc knight (D:15)
  A deep elf zephyrmancer (D:15)
  A manticore (D:13)
  4 cyclopes (D:15)
  9 ugly things
  An orc sorcerer (D:15)
  A necromancer (D:15)
  3 salamanders (Volcano)
  A will-o-the-wisp (Lair:4)
  An oklob plant (Lair:2)
  Joseph (Lair:1)
  Maurice (D:10)
  2 black mambas
  2 ice statues (IceCv)
  11 elephants
  2 gargoyles
  17 cane toads
  6 rime drakes
  A komodo dragon (shapeshifter) (D:14)
  6 ice devils
  3 kobold demonologists (D:11)
  A freezing wraith (IceCv)
  An entropy weaver simulacrum (IceCv)
  13 komodo dragons
  2 tengu conjurers (D:15)
  2 polar bears
  6 trolls
  A hornet (D:10)
  8 blink frogs (Lair:6)
  7 dream sheep (Lair:6)
  15 slime creatures
  A shadow (D:9)
  2 centaur simulacra (D:14)
  2 vampires
  4 wraiths
  Sigmund (D:2)
  A water elemental (D:14)
  5 wyverns
  4 basilisks
  5 fire bats
  36 yaks
  Eustachio (D:6)
  4 fire elementals (D:14)
  2 death yak simulacra (IceCv)
  2 steam dragons (Volcano)
  Edmund (D:4)
  A harpy simulacrum (IceCv)
  An acid dragon (D:10)
  17 water moccasins
  Duvessa (D:6)
  3 hell hounds (D:14)
  9 orc warriors
  A meliai simulacrum (D:14)
  2 sky beasts
  A hornet zombie (D:5)
  5 ice beasts
  The ghost of eliilek the Shield-Bearer, an amateur MiFi of Trog (D:3)
  A necrophage (D:4)
  18 wolves
  2 black bears
  13 centaurs
  3 ogres
  2 phantoms
  4 lemures
  2 kobold brigands
  3 bullfrogs
  4 scorpions
  A cane toad simulacrum (IceCv)
  A water moccasin zombie (D:5)
  A wyvern zombie (D:5)
  3 two-headed ogre simulacra (IceCv)
  A gnoll sergeant (D:10)
  Dowan (D:6)
  2 water moccasin skeletons (D:5)
  An elephant simulacrum (IceCv)
  4 wights (D:8)
  3 electric eels (D:14)
  A howler monkey (D:8)
  6 centaur zombies
  A quasit (D:3)
  5 hounds
  A jelly (D:5)
  9 orc priests
  3 bullfrog skeletons
  4 centaur skeletons
  An iron imp (D:3)
  2 iguanas
  Natasha (D:1)
  12 orc wizards
  A troll simulacrum (IceCv)
  4 hell rats
  A polar bear simulacrum (IceCv)
  2 killer bee zombies
  2 wolf simulacra (IceCv)
  2 hound skeletons (D:3)
  Robin (D:2)
  5 adders
  15 gnolls
  3 naga simulacra (IceCv)
  2 shadow imps
  4 white imps
  5 ufetubi
  A worm (D:4)
  An adder skeleton (D:4)
  2 adder zombies (D:5)
  4 dart slugs
  50 orcs
  2 ball pythons (D:4)
  5 bats
  7 endoplasms
  4 giant cockroaches
  20 goblins
  12 hobgoblins
  10 jackals
  A quokka (D:1)
  3 frilled lizards
  22 kobolds
  5 rats
618 creatures vanquished.

Vanquished Creatures (collateral kills)
  A boulder beetle (D:11)
  A two-headed ogre (D:11)
  An ugly thing (D:11)
3 creatures vanquished.

Vanquished Creatures (others)
  A two-headed ogre (D:12)
  2 steam dragons (Volcano)
  An orc warrior (D:7)
  A centaur (D:7)
  An ogre (D:7)
  An orc priest (D:7)
  A white imp (IceCv)
  14 fungi
  67 plants
  A withered plant (D:5)
90 creatures vanquished.

Grand Total: 711 creatures vanquished

Notes
Turn   | Place    | Note
-------+----------+-------------------------------------------
     0 | D:1      | bearlyready the Kobold Berserker began the quest for the
                  | Orb.
     0 | D:1      | Reached XP level 1. HP: 14/14 MP: 1/1
   303 | D:1      | Reached XP level 2. HP: 15/19 MP: 2/2
   418 | D:1      | Reached skill level 1 in Stealth
   908 | D:1      | Reached XP level 3. HP: 23/23 MP: 3/3
  1048 | D:1      | Found a faded altar of an unknown god.
  1295 | D:2      | Reached skill level 1 in Short Blades
  1542 | D:2      | Found Gierch's Weapon Shoppe.
  1583 | D:2      | Noticed Sigmund
  1601 | D:2      | Killed Sigmund
  1602 | D:2      | Reached skill level 3 in Stealth
  1602 | D:2      | Reached XP level 4. HP: 23/30 MP: 4/4
  1602 | D:2      | Reached XP level 5. HP: 26/34 MP: 5/5
  1780 | D:2      | Noticed Robin
  1782 | D:2      | Reached XP level 6. HP: 39/39 MP: 6/6
  2098 | D:2      | Killed Robin
  2140 | D:2      | Gained mutation: Your flesh is heat resistant. (rF+)
                  | [potion of mutation]
  2140 | D:2      | Gained mutation: You are agile. (Dex +2) [potion of
                  | mutation]
  2211 | D:2      | Noticed Natasha
  2222 | D:1      | Killed Natasha
  2223 | D:1      | Reached skill level 4 in Stealth
  2500 | D:2      | Reached ** piety under Trog
  3172 | D:3      | Found a transporter.
  3175 | D:3      | Found a transporter.
  3190 | D:3      | Noticed eliilek's ghost (amateur MiFi)
  3790 | D:3      | Found a one-way gate to the infinite horrors of the Abyss.
  4057 | D:4      | Noticed a necrophage
  4068 | D:4      | Killed a necrophage
  4069 | D:4      | Reached skill level 5 in Fighting
  4069 | D:4      | Reached XP level 7. HP: 44/44 MP: 7/7
  4092 | D:4      | Noticed Pikel
  4115 | D:3      | HP: 2/44 [lemure[Pikel] (5)]
  4680 | D:4      | Reached skill level 5 in Stealth
  4937 | D:4      | Reached *** piety under Trog
  5117 | D:4      | Killed Pikel
  5118 | D:4      | Reached skill level 5 in Maces & Flails
  5118 | D:4      | Reached skill level 5 in Dodging
  5118 | D:4      | Reached skill level 6 in Stealth
  5118 | D:4      | Reached XP level 8. HP: 51/51 MP: 8/8
  5276 | D:4      | Noticed Edmund
  5283 | D:4      | Killed Edmund
  5434 | D:4      | You fall into a shaft and drop 2 floors!
  5463 | D:6      | Reached skill level 1 in Throwing
  5523 | D:6      | Identified the +1 ring mail of Dramatic Exits {rN+ Will++
                  | Slay-4}
  5539 | D:6      | Reached skill level 7 in Stealth
  5721 | D:6      | Reached XP level 9. HP: 56/56 MP: 9/9
  6245 | D:6      | Reached skill level 1 in Shields
  6251 | D:6      | Noticed Eustachio
  6270 | D:6      | Killed Eustachio
  7021 | D:6      | Noticed Dowan
  7024 | D:6      | Killed Dowan
  7024 | D:6      | Noticed Duvessa
  7041 | D:6      | Killed Duvessa
  7042 | D:6      | Reached skill level 8 in Stealth
  7523 | D:7      | Reached skill level 1 in Evocations
  7524 | D:7      | Found a flagged portal.
  7537 | Bailey   | Entered a bailey
  7554 | Bailey   | Reached **** piety under Trog
  7585 | Bailey   | Noticed an orc warlord
  7690 | Bailey   | Found a runed translucent gate.
  7691 | Bailey   | Found a runed translucent gate.
  7692 | Bailey   | Found a runed translucent gate.
  7890 | Bailey   | Killed an orc warlord
  7891 | Bailey   | Reached skill level 5 in Short Blades
  7891 | Bailey   | Reached skill level 9 in Stealth
  7891 | Bailey   | Reached XP level 10. HP: 8/64 MP: 10/10
  7936 | Bailey   | Got the Tome of the Volcanoes
  7948 | D:7      | Acquired a manual of Short Blades
  7951 | D:7      | Acquired a manual of Stealth
  8330 | D:7      | Found a shimmering altar of Xom.
  8598 | D:7      | Reached skill level 5 in Throwing
  9318 | D:8      | Found a staircase to the Lair.
  9461 | D:8      | Found a runed translucent door.
  9529 | D:8      | Noticed a two-headed ogre
  9543 | D:8      | Killed a two-headed ogre
  9544 | D:8      | Reached skill level 10 in Stealth
  9798 | D:8      | Noticed pentaflop's ghost (novice DsBe)
  9818 | D:8      | Killed pentaflop's ghost
  9819 | D:8      | Reached XP level 11. HP: 69/69 MP: 11/11
  9886 | D:5      | Entered Level 5 of the Dungeon
 10225 | D:5      | Reached skill level 11 in Stealth
 10965 | D:4      | Found a staircase to the Ecumenical Temple.
 11106 | D:3      | Killed eliilek's ghost
 11107 | D:3      | Reached skill level 5 in Evocations
 11883 | D:9      | Noticed a two-headed ogre
 11885 | D:9      | Killed a two-headed ogre
 12052 | D:9      | Reached ***** piety under Trog
 12114 | D:9      | Reached skill level 12 in Stealth
 12168 | D:9      | Found a staircase to the Orcish Mines.
 12495 | D:10     | Entered Level 10 of the Dungeon
 12750 | D:10     | Noticed a two-headed ogre
 12773 | D:10     | Killed a two-headed ogre
 12774 | D:10     | Reached skill level 5 in Shields
 12774 | D:10     | Reached XP level 12. HP: 76/76 MP: 12/12
 12822 | D:10     | Reached skill level 10 in Short Blades
 12868 | D:10     | Reached skill level 13 in Stealth
 13080 | D:10     | Identified the +9 rapier of Compuqa {vorpal, rC+} (Trog
                  | gifted it to you on level 10 of the Dungeon)
 13080 | D:10     | Received a gift from Trog
 13274 | D:10     | Noticed Maurice
 13277 | D:10     | Killed Maurice
 13986 | D:11     | Noticed a boulder beetle
 14001 | D:11     | Killed a boulder beetle
 14002 | D:11     | Reached skill level 10 in Fighting
 14004 | D:11     | Noticed a two-headed ogre
 14011 | D:11     | Killed a two-headed ogre
 14012 | D:11     | Reached skill level 10 in Dodging
 14063 | D:11     | Identified the +1 ring mail of Xanu {rElec rPois Int+2
                  | Dex-5}
 14074 | D:11     | Noticed Urug
 14077 | D:11     | Killed Urug
 14078 | D:11     | Reached skill level 14 in Stealth
 14573 | D:12     | You fall into a shaft and drop 3 floors!
 14573 | D:15     | Entered Level 15 of the Dungeon
 14692 | D:14     | Noticed Azrael
 14750 | D:14     | Noticed a centaur warrior
 14760 | D:14     | Killed a centaur warrior
 15021 | D:14     | Reached XP level 13. HP: 83/83 MP: 13/13
 15159 | D:12     | Reached skill level 15 in Stealth
 15385 | D:12     | Noticed an ogre mage
 15391 | D:12     | Noticed Erolcha
 15524 | Lair:1   | Entered Level 1 of the Lair of Beasts
 15653 | D:8      | Received a gift from Trog
 15820 | Lair:1   | Noticed Joseph
 15823 | Lair:1   | Killed Joseph
 16021 | Lair:1   | Acquired 678 gold pieces
 17633 | Lair:2   | Reached skill level 16 in Stealth
 18324 | Lair:3   | Noticed a boulder beetle
 18327 | Lair:3   | Killed a boulder beetle
 18417 | Lair:3   | Noticed Gastronok
 18441 | Lair:3   | Killed Gastronok
 19244 | Lair:4   | Found a staircase to the Swamp.
 19368 | Lair:4   | Found a hole to the Spider Nest.
 19981 | Lair:4   | Reached XP level 14. HP: 90/90 MP: 14/14
 20369 | Lair:5   | Reached skill level 17 in Stealth
 20647 | Lair:5   | Found a viscous altar of Jiyva.
 20647 | Lair:5   | Found a staircase to the Slime Pits.
 21271 | Lair:6   | Entered Level 6 of the Lair of Beasts
 21355 | Lair:6   | Found a dark tunnel.
 21386 | Volcano  | Entered a volcano
 21712 | Volcano  | Reached skill level 18 in Stealth
 22166 | Lair:6   | Reached skill level 5 in Armour
 22479 | Lair:6   | Reached XP level 15. HP: 97/97 MP: 15/15
 22719 | Lair:6   | Noticed Josephine
 22722 | Lair:6   | Killed Josephine
 22842 | Lair:6   | Reached skill level 10 in Evocations
 23923 | D:12     | Killed Erolcha
 23988 | D:12     | Paralysed by an ogre mage for 2 turns
 24059 | D:12     | Found Xerul's Magic Scroll Boutique.
 24429 | D:13     | Reached ****** piety under Trog
 24435 | D:13     | Reached skill level 15 in Short Blades
 24436 | D:13     | Noticed Sonja
 24445 | D:13     | Received a gift from Trog
 24446 | D:13     | Reached skill level 19 in Stealth
 24453 | D:13     | Killed Sonja
 24657 | D:13     | Identified the +7 chain mail "Dufraime" {rPois rF+ Str+3}
 24684 | D:13     | Noticed Frances
 24687 | D:13     | Killed Frances
 25172 | D:14     | Noticed an ironbound preserver
 25189 | D:14     | Killed an ironbound preserver
 25350 | D:14     | Reached XP level 16. HP: 101/104 MP: 16/16
 25368 | D:14     | Killed Azrael
 25682 | D:14     | Noticed Snorg
 25685 | D:14     | Killed Snorg
 25891 | D:14     | Found a gate to the Vaults.
 26300 | D:14     | Found a portal to a secret trove of treasure.
 26397 | D:15     | Identified the +7 dagger of Iffociw {speed, +Blink rF+
                  | Will++ Str-2}
 26494 | D:15     | Acquired 696 gold pieces
 26845 | D:15     | Received a gift from Trog
 27113 | D:15     | Found a staircase to the Depths.
 27691 | Orc:1    | Entered Level 1 of the Orcish Mines
 27937 | Orc:1    | Found a frozen archway.
 28076 | IceCv    | Entered an ice cave
 28743 | IceCv    | Slain by a reaper

Illustrated notes

Levels and vault maps discovered:
D:1:      amcnicky_arrival_single_pillar, layout_loops_ring,
          ebering_ecumenical_altar_box
D:2:      layout_loops_ring, serial_shops, nicolae_shop_window_shopping,
          chequers_serial_rivers_micro_b, minmay_indecisive_spiral,
          uniq_natasha, uniq_robin, uniq_sigmund
D:3:      layout_rooms, serial_rivers, chequers_serial_rivers_small_3,
          chequers_serial_rivers_small_b, chequers_serial_rivers_marsh,
          chequers_serial_rivers_large_a, gammafunk_ghost_abyssal_escape,
          st_stairs_2, chequers_garden
D:4:      layout_loops_cross, temple_pool_b, minmay_bent, uniq_edmund,
          uniq_pikel
D:5:      layout_cave_pools, serial_undead, serial_undead_b, serial_undead_b,
          serial_undead_b, serial_undead_d, serial_undead_b, serial_undead_d,
          serial_undead_b, minivault_4
D:6:      layout_gridville, chequers_serial_rivers_micro_a, kennysheep_path_1,
          uniq_duvessa, uniq_eustachio
D:7:      layout_rooms, xom_confusion_cloud, enter_bailey_5
D:8:      layout_basic, lair_entry_dummy, ebering_ghost_reflecting_pool
D:9:      layout_big_octagon, orc_0_dummy, serial_column_ruins,
          column_ruins_corridor_straight, column_ruins_columns_straight,
          column_ruins_open_medium, column_ruins_open_tiny,
          column_ruins_columns_corner
D:10:     layout_basic, lightli_corner_chamber, uniq_maurice
D:11:     layout_roguey, uniq_urug
D:12:     layout_roguey, serial_shops, shop, uniq_erolcha
D:13:     layout_loops_cross, uniq_sonja, uniq_frances
D:14:     layout_roguey [special_room_orc], skrybe_vaults_entry_preservation,
          minivault_26, nicolae_trove_entry_free_sample, serial_ice,
          serial_ice_g, serial_ice_h, serial_ice_j, serial_ice_m, uniq_azrael,
          uniq_snorg
D:15:     hangedman_depths_entry_civil_slaughter, layout_loops_cross,
          minmay_fountain_box, billiards_dpeg
Lair:1:   layout_big_grid, lemuel_fruit_tree, grunt_megastairs_5,
          infiniplex_staircase_pool, uniq_joseph
Lair:2:   layout_layer_cave, minmay_lair_oklob_chamber
Lair:3:   layout_regular_city, uniq_gastronok
Lair:4:   layout_regular_city, minmay_swamp_entry_wisps, spider_nest_entry_a,
          st_stairs_10
Lair:5:   layout_regular_city, slime_altar_1
Lair:6:   grunt_lair_end_beastmaster, layout_cave_pods,
          nicolae_volcano_entry_batcave, wad_woods_road_03, grunt_megastairs_4,
          uniq_josephine
Orc:1:    layout_caves, basic_altar, portal_ice_cave_demonic_guard,
          serial_shops, nicolae_diamond_shop
IceCv:    ice_cave_small_demon

Skill      XL: |  1  2  3  4  5  6  7  8  9 10 11 12 13 14 15 16 |
---------------+-------------------------------------------------+-----
Maces & Flails | 3 4 5 |  5.0
Stealth        | 1 3 4 6 7 9 10 12 14 16 18 19 | 19.8
Short Blades   | 2 3 5 7 9 12 14 15 17 | 17.0
Fighting       | 4 5 6 8 9 10 11 12 13 | 13.0
Dodging        | 3 5 7 8 9 10 11 12 13 14 | 14.5
Throwing       | 1 4 5 |  5.0
Shields        | 3 5 6 7 8 |  8.7
Evocations     | 3 4 6 7 9 10 11 | 11.9
Armour         | 3 5 |  5.0

Action                   |  1- 3 |  4- 6 |  7- 9 | 10-12 | 13-15 | 16-18 || total
-------------------------+-------+-------+-------+-------+-------+-------++-------
Melee: Mace              |    12 |       |       |       |       |       ||    12
       Dagger            |    78 |   140 |   375 |   432 |   181 |       ||  1206
       Unarmed           |       |     4 |       |       |       |       ||     4
       Flail             |       |       |     5 |     5 |       |       ||    10
       Quick blade       |       |       |       |       |   747 |   468 ||  1215
Throw: Throwing net      |       |       |     4 |       |       |       ||     4
       Dart              |       |       |       |    14 |     4 |     1 ||    19
       Boomerang         |       |       |       |       |     2 |       ||     2
Invok: Berserk           |     1 |     4 |    14 |     9 |    13 |     3 ||    44
       Brothers in Arms  |       |       |       |     1 |       |       ||     1
       Trog's Hand       |       |       |       |       |     1 |       ||     1
Evoke: Wand              |       |       |       |     2 |     5 |     2 ||     9
       Phantom mirror    |       |       |       |       |     2 |     1 ||     3
       Condenser vane    |       |       |       |       |       |     1 ||     1
  Use: Scroll            |       |     3 |     3 |    12 |    12 |     2 ||    32
       Potion            |       |     2 |     1 |       |     1 |       ||     4
 Stab: Sleeping          |    14 |     8 |    22 |    55 |    86 |    44 ||   229
       Distracted        |       |     1 |     1 |     5 |     3 |     2 ||    12
       Held in net/web   |       |       |     2 |       |       |       ||     2
       Invisible         |       |       |       |     2 |     1 |       ||     3
Armor: Animal skin       |    11 |    32 |       |       |       |       ||    43
       Leather armour    |       |     1 |    56 |       |       |       ||    57
       Robe              |       |       |    24 |    40 |    46 |    15 ||   125
Dodge: Dodged            |    49 |   107 |   247 |   247 |   432 |   171 ||  1253
Block: Buckler           |       |       |    44 |    86 |   140 |    77 ||   347
